 Dungeon Crawl Stone Soup version 0.19-a0-1254-gb9c29c0 (webtiles) character file.

13381 Duffy the Zephyrmancer (level 11, -5/80 HPs)
             Began as a High Elf Air Elementalist on Aug 27, 2016.
             Was a High Priest of Dithmenos.
             Slain by a seven-headed hydra (15 damage)
             ... on level 2 of the Lair of Beasts.
             The game lasted 00:32:01 (15929 turns).

Duffy the Zephyrmancer (High Elf Air Elementalist) Turns: 15929, Time: 00:32:02

Health: -5/80      AC: 15    Str:  7    XL:     11   Next: 74%
Magic:  6/22       EV: 18    Int: 24    God:    Dithmenos [*****.]
Gold:   584        SH:  0    Dex: 15    Spells: 5 memorised, 10 levels left

rFire  . . .     SeeInvis +     b - +2 flail (protect)
rCold  . . .     Gourm    .     W - +1 animal skin
rNeg   . . .     Faith    .     (no shield)
rPois  .         Spirit   .     d - +2 hat
rElec  .         Dismiss  .     h - +1 cloak
rCorr  +         Reflect  .     V - +0 pair of gloves
MR     +....     Harm     .     S - +1 pair of boots
Stlth  +++.......               q - amulet of regeneration
                                f - ring of resist corrosion
                                N - ring of see invisible

@: wreathed by umbra, repel missiles
A: no striking features
a: Shadow Step, Shadow Form, Renounce Religion


You were on level 2 of the Lair of Beasts.
You worshipped Dithmenos.
Dithmenos was extremely pleased with you.
You were not hungry.

You visited 2 branches of the dungeon, and saw 12 of its levels.

You collected 584 gold pieces.

Inventory:

Hand Weapons
 b - a +2 flail of protection (weapon)
 g - a +0 great sword
Missiles
 i - a throwing net (quivered)
Armour
 d - a +2 hat (worn)
 h - a +1 cloak (worn)
 S - a +1 pair of boots (worn)
 V - a +0 pair of gloves (worn)
 W - a +1 animal skin (worn)
Magical Staves
 Q - an uncursed staff of poison
Jewellery
 f - a ring of resist corrosion (right hand)
 q - an amulet of regeneration (around neck)
 x - an uncursed ring of fire
 N - a ring of see invisible (left hand)
Wands
 a - a wand of iceblast (7/15)
 u - a wand of digging (1/24)
 F - a wand of acid (8/15)
 G - a wand of iceblast (4/15)
 P - a wand of paralysis (10/24)
 Z - a wand of confusion (17/48)
Scrolls
 e - 3 scrolls of teleportation
 m - a scroll of blinking
 r - 4 scrolls of remove curse
 s - 5 scrolls of enchant armour
 y - a scroll of fear
 B - a scroll of recharging {unknown}
 E - 3 scrolls of magic mapping
 I - a scroll of summoning {unknown}
 K - 2 scrolls of enchant weapon
 L - 2 scrolls of amnesia
 O - a scroll of silence {unknown}
 U - 2 scrolls of fog
Potions
 j - 2 potions of flight
 k - 2 potions of lignification
 n - 3 potions of curing
 o - 5 potions of agility
 p - 2 potions of cure mutation {unknown}
 z - 3 potions of haste {unknown}
 A - a potion of resistance
 C - 4 potions of heal wounds
 D - 2 potions of might {unknown}
 H - 2 potions of brilliance
 T - 3 potions of ambrosia
Books
 l - a book of Air

   Spells                             Type                      Level
   a - Shock                          Conjuration/Air              1
   b - Swiftness                      Charms/Air                   2
   c - Repel Missiles                 Charms/Air                   2
   d - Static Discharge               Conjuration/Air              3
   e - Lightning Bolt                 Conjuration/Air              5
 v - a book of Maledictions

   Spells                             Type                      Level
   a - Corona                         Hexes                        1
   b - Ensorcelled Hibernation        Hexes/Ice                    2
   c - Confuse                        Hexes                        3
   d - Tukima's Dance                 Hexes                        3
   e - Dazzling Spray                 Conjuration/Hexes            3
Miscellaneous
 J - a phial of floods
Comestibles
 c - 7 bread rations
 t - 4 beef jerkies
 w - 4 meat rations
 R - 5 slices of pizza
 X - 3 fruits
 Y - 4 chunks of flesh


   Skills:
 + Level 9.3 Fighting
 - Level 8.8 Dodging
 - Level 2.5 Stealth
 - Level 6.8 Spellcasting
 - Level 10.0 Conjurations
 - Level 10.4 Air Magic
 - Level 5.5 Evocations


You had 10 spell levels left.
You knew the following spells:

 Your Spells              Type           Power        Failure   Level  Hunger
a - Shock                 Conj/Air       ####         1%          1    None
l - Lightning Bolt        Conj/Air       ######....   3%          5    #####..
m - Repel Missiles        Chrm/Air       ####..       1%          2    None
n - Static Discharge      Conj/Air       ######..     1%          3    None
w - Swiftness             Chrm/Air       ####....     1%          2    None


Dungeon Overview and Level Annotations

Branches:
Dungeon (10/15)            Temple (0/1) D:4            Lair (2/6) D:10
  Swamp: Lair:2-4    Shoals: Lair:2-4     Snake: Lair:2-4    Spider: Lair:2-4
    Orc: D:9-12

Altars:
Ashenzari
Dithmenos
Fedhas
Makhleb
Xom
Zin

Shops:
D:7 *

Annotations:
D:7 exclusions: 2 doors and 3 more exclusions


Message History

The lightning grounds out.
The seven-headed hydra barely misses you.
The seven-headed hydra bites you but does no damage.
The seven-headed hydra completely misses you.
The seven-headed hydra bites you!
The seven-headed hydra barely misses you.
The seven-headed hydra bites you. x2
Casting: Static Discharge
Confirm with . or Enter, or press ? or * to list all spells.
The seven-headed hydra is struck by lightning.
The seven-headed hydra is almost dead.
The lightning arcs!
You are struck by lightning.
The lightning arcs!
The seven-headed hydra is struck by lightning.
The seven-headed hydra is almost dead.
The lightning grounds out.
The seven-headed hydra closely misses you.
The seven-headed hydra bites you. The seven-headed hydra bites you! x2
The seven-headed hydra bites you but does no damage.
The seven-headed hydra bites you! x2
You die...

#...###.......
#..........P..
#<.........#..
#...........#
#...........#
##..>......>#
#...........#.
##.............
###...D@........
................#
..........~~~~~~~
###.###.~~~~~~~~~
## ..~~~~~~~~~
##.~~~..~~~~
#~~~~~>~~~
~.~~~..~~~
.~~~~~~~~~


You could see a seven-headed hydra.

Vanquished Creatures
  2 hydras (Lair:1)
  A black mamba (Lair:1)
  A gargoyle (D:10)
  3 spiny frogs (Lair:1)
  A komodo dragon (Lair:1)
  A troll (D:10)
  A two-headed ogre (D:9)
  4 blink frogs
  The ghost of junb69 the Slasher, an amateur VSGl (D:5)
  7 yaks
  A human (D:8)
  4 hogs (D:8)
  Grum (D:10)
  2 vampire mosquitoes (D:10)
  4 hippogriffs
  Edmund (D:5)
  4 wargs (D:6)
  5 water moccasins
  Duvessa (D:5)
  3 ice beasts
  A swamp drake (D:10)
  2 phantoms
  A sky beast (D:6)
  A wasp (D:10)
  4 ogres
  2 wolves (D:10)
  5 centaurs
  4 crocodiles
  The ghost of Roxy the Firebug, an amateur DEFE (D:3)
  3 giant frogs
  Dowan (D:5)
  A wyvern skeleton (D:9)
  6 killer bees (D:10)
  2 scorpions
  7 wights
  5 crimson imps
  3 centaur zombies
  2 giant frog zombies
  3 hounds
  5 jellies
  11 orc wizards
  A centaur skeleton (D:4)
  5 orc priests
  3 giant frog skeletons
  11 iguanas
  Ijyb (D:2)
  10 worker ants
  A hound skeleton (D:6)
  2 hound zombies
  A howler monkey skeleton (D:6)
  15 adders
  3 gnolls (D:8)
  14 river rats (Lair:1)
  5 shadow imps
  2 oozes
  An adder zombie (D:9)
  An adder skeleton (D:5)
  3 worms
  A dart slug (D:2)
  5 giant geckos
  40 orcs
  A ball python (D:4)
  9 giant cockroaches
  5 goblins
  3 hobgoblins
  15 jackals
  5 kobolds
  5 quokkas
  10 bats
  A giant gecko skeleton (D:4)
  4 giant newts
  5 rats
306 creatures vanquished.

Notes
Turn   | Place    | Note
-------+----------+-------------------------------------------
     0 | D:1      | Duffy the High Elf Air Elementalist began the quest for the Orb.
     0 | D:1      | Reached XP level 1. HP: 11/11 MP: 4/4
   424 | D:1      | Reached XP level 2. HP: 17/17 MP: 4/6
  1011 | D:2      | Learned a level 2 spell: Repel Missiles
  1014 | D:2      | Learned a level 2 spell: Swiftness
  1145 | D:2      | Reached XP level 3. HP: 19/21 MP: 1/7
  1860 | D:2      | Noticed Ijyb
  1887 | D:2      | Killed Ijyb
  1887 | D:2      | Reached XP level 4. HP: 27/27 MP: 3/8
  2002 | D:2      | Found a blossoming altar of Fedhas.
  2624 | D:3      | Learned a level 3 spell: Static Discharge
  2644 | D:3      | Noticed Roxy's ghost (amateur DEFE)
  2656 | D:3      | Killed Roxy's ghost
  2656 | D:3      | Reached XP level 5. HP: 31/31 MP: 5/11
  2847 | D:3      | Reached skill level 5 in Air Magic
  2907 | D:3      | Reached XP level 6. HP: 36/36 MP: 10/13
  2935 | D:3      | Learned a level 5 spell: Lightning Bolt
  2976 | D:3      | Found a shadowy altar of Dithmenos.
  3006 | D:3      | Became a worshipper of Dithmenos the Shadowed
  3396 | D:4      | Found a staircase to the Ecumenical Temple.
  3434 | D:4      | Reached skill level 5 in Conjurations
  4218 | D:4      | Reached * piety under Dithmenos
  4218 | D:4      | Reached XP level 7. HP: 29/41 MP: 9/14
  4542 | D:5      | Entered Level 5 of the Dungeon
  4637 | D:5      | Noticed junb69's ghost (amateur VSGl)
  4661 | D:5      | Killed junb69's ghost
  5010 | D:5      | Noticed Edmund
  5044 | D:5      | Killed Edmund
  5044 | D:5      | Reached skill level 1 in Fighting
  5044 | D:5      | Reached XP level 8. HP: 41/48 MP: 3/15
  5224 | D:5      | Noticed Dowan
  5226 | D:5      | Noticed Duvessa
  5239 | D:5      | Killed Duvessa
  5239 | D:5      | Killed Dowan
  6034 | D:6      | Reached skill level 5 in Dodging
  6582 | D:6      | Reached skill level 5 in Fighting
  6602 | D:6      | Reached XP level 9. HP: 61/61 MP: 9/16
  6603 | D:6      | Reached ** piety under Dithmenos
  7095 | D:7      | Found a glowing silver altar of Zin.
  7095 | D:7      | Found Zin's Purification Station.
  8806 | D:8      | Found a shattered altar of Ashenzari.
  9016 | D:8      | Reached *** piety under Dithmenos
  9376 | D:8      | Reached XP level 10. HP: 24/72 MP: 2/17
  9823 | D:8      | Found a shimmering altar of Xom.
  9824 | D:8      | Found a burning altar of Makhleb.
 11331 | D:10     | Entered Level 10 of the Dungeon
 11397 | D:10     | Noticed a gargoyle
 12154 | D:10     | Reached **** piety under Dithmenos
 12445 | D:10     | Killed a gargoyle
 12445 | D:10     | Reached skill level 5 in Spellcasting
 12966 | D:10     | Reached XP level 11. HP: 78/78 MP: 2/20
 13357 | D:10     | Noticed Grum
 13357 | D:10     | Reached skill level 10 in Air Magic
 13391 | D:10     | Killed Grum
 13731 | D:10     | Found a staircase to the Lair.
 13846 | Lair:1   | Entered Level 1 of the Lair of Beasts
 14323 | Lair:1   | Reached skill level 10 in Conjurations
 14622 | Lair:1   | Noticed a seven-headed hydra
 14662 | Lair:1   | Killed a seven-headed hydra
 14959 | Lair:1   | Noticed a five-headed hydra
 15025 | Lair:1   | Killed a five-headed hydra
 15129 | Lair:1   | Reached skill level 5 in Evocations
 15368 | Lair:1   | Reached ***** piety under Dithmenos
 15916 | Lair:2   | Noticed a seven-headed hydra
 15929 | Lair:2   | Slain by a seven-headed hydra

Vault maps used:
D:1:      shiori_arrival_elements
D:2:      marbit_many_paths, st_stairs_12, corner_web_ring, uniq_iyjb
D:3:      first_bread, grunt_dithmenos_smoke
D:5:      uniq_edmund, uniq_duvessa
D:7:      lemuel_castle_with_subvaults, zin_purify
D:8:      grunt_temple_overflow_champion_of_chaos, ashenzari_altar_1,
          grunt_livestock
D:10:     erik_lair_dragon, minmay_misc_feat_nine_boxes, wad_floor_pattern_1,
          uniq_grum
Lair:1:   grunt_forest_large_clearing_hut, lemuel_fruit_fields
Lair:2:   minmay_shoals_entry_centaurs, special_room, minivault_25,
          hibernation_bobbens, infiniplex_staircase_pool_2

Skill      XL: |  1  2  3  4  5  6  7  8  9 10 11 |
---------------+----------------------------------+-----
Conjurations   | 2 3 4 5 7 9 10 | 10.0
Air Magic      | 4 5 6 7 9 10 | 10.4
Spellcasting   | 3 4 5 6 |  6.8
Fighting       | 1 5 8 9 |  9.3
Dodging        | 6 8 |  8.8
Evocations     | 5 |  5.5
Stealth        | |  2.5

Action                   |  1- 3 |  4- 6 |  7- 9 | 10-12 || total
-------------------------+-------+-------+-------+-------++-------
Melee: Spear             |     4 |       |       |       ||     4
       Flail             |       |       |    90 |    52 ||   142
       Dagger            |       |       |     5 |       ||     5
 Cast: Shock             |    69 |   123 |   252 |   188 ||   632
       Repel Missiles    |     1 |     1 |       |     2 ||     4
       Static Discharge  |       |       |    24 |    86 ||   110
       Lightning Bolt    |       |       |     2 |    19 ||    21
Evoke: Wand              |       |       |     2 |     1 ||     3
  Use: Scroll            |       |       |    14 |     8 ||    22
       Potion            |       |       |     1 |       ||     1
 Stab: Sleeping          |       |       |     1 |     3 ||     4
  Eat: Chunk             |     3 |     7 |    16 |    22 ||    48
       Pizza             |       |       |     1 |     2 ||     3
       Beef jerky        |       |       |     1 |       ||     1
       Royal jelly       |       |       |       |     1 ||     1
Armor: Robe              |     7 |     9 |    51 |    25 ||    92
       Animal skin       |       |       |       |    22 ||    22
Dodge: Dodged            |    13 |    33 |   230 |   227 ||   503
       Deflected         |       |     1 |     1 |     4 ||     6
